AoeStats
← 极地沙尘暴

Arena

509633214Analyzed
2v2 RM · 5d ago on Sep 27, 2026· 47m 40s· 4 players
Game mode
Random Map
Map size
Medium (4 player)
Population
200
Speed
Normal
Resources
Standard
Victory
Conquest
Starting age
Dark Age
Ending age
Imperial Age
RankedLock teamsTeams togetherTeam positionsShared explorationLock speedFull tech treeHidden civsTurbo modeCheats
Victory
Defeat
🇨🇳 Varangians · China
1330
+16
🇨🇳 Saxons · China
1308
+17
🇪🇸 Teutons · Spain
1409
-20
🇪🇸 Franks · Spain
1238
-13
极地沙尘暴
10:23 Feudal Age
11:51 Double-Bit Axe
14:16 Castle Age
13:01 Horse Collar
15:17 Loom
18:30 Bow Saw
25:35 Wheelbarrow
29:07 Imperial Age
27:25 Forging
28:14 Wheelbarrow
28:41 Bloodlines
29:49 Iron Casting
30:02 Husbandry
30:50 Hand Cart
30:39 Heavy Plow
31:22 Scale Barding Armor
32:18 Blast Furnace
31:27 Light Cavalry
32:33 Conscription
32:51 Herbal Medicine
33:35 Chain Barding Armor
33:22 Gold Mining
34:45 Cavalier
35:44 Elite Jarl
37:15 Plate Barding Armor
39:05 Fletching
41:04 Hussar
剃刀割猪头
9:50 Feudal Age
9:41 Loom
15:14 Castle Age
23:24 Horse Collar
30:24 Squires
30:26 Double-Bit Axe
31:04 Heavy Plow
31:28 Bow Saw
31:36 Scale Mail Armor
34:21 Wheelbarrow
37:28 Imperial Age
35:45 Hand Cart
35:35 Fletching
35:46 Padded Archer Armor
35:35 Crossbowman
36:37 Ballistics
36:24 Thumb Ring
37:26 Bodkin Arrow
37:46 Leather Archer Armor
37:38 Gold Mining
37:39 Stone Mining
38:32 Bracer
38:04 Arbalester
40:14 Chemistry
39:03 Capped Ram
40:10 Town Watch
41:06 Gold Shaft Mining
41:08 Ring Archer Armor
40:55 Chain Mail Armor
40:50 Forging
40:09 Siege Ram
40:39 Arson
43:18 Plate Mail Armor
42:13 Elite Varangian Guard
44:22 Iron Casting
44:17 Conscription
43:21 Shield Wall
44:43 Fortified Wall
44:44 Masonry
47:08 Town Patrol
47:45 Hoardings
48:21 Siege Engineers
48:47 Architecture
Coronerix
10:17 Feudal Age
18:08 Castle Age
15:54 Loom
17:52 Wheelbarrow
17:50 Double-Bit Axe
17:56 Gold Mining
19:15 Bow Saw
19:11 Fletching
22:13 Husbandry
24:23 Scale Barding Armor
34:50 Imperial Age
33:04 Chain Barding Armor
33:46 Forging
35:43 Iron Casting
34:53 Cavalier
35:14 Heavy Scorpion
37:33 Capped Ram
39:20 Plate Barding Armor
41:25 Bodkin Arrow
KinomtheKaiser
6:20 Loom
8:35 Feudal Age
9:57 Double-Bit Axe
11:42 Fletching
21:14 Castle Age
22:16 Bow Saw
21:48 Horse Collar
22:58 Wheelbarrow
23:44 Town Watch
27:35 Heavy Plow
31:24 Imperial Age
30:56 Padded Archer Armor
33:37 Chemistry
34:08 Masonry
34:15 Leather Archer Armor
35:49 Ring Archer Armor
41:38 Scale Barding Armor
41:43 Forging
43:26 Hand Cart
42:33 Elite Skirmisher
43:53 Bodkin Arrow
44:21 Ballistics
44:46 Chain Barding Armor
44:39 Bloodlines
Connection lost

Rejoining the realm…

Still unreachable

The connection could not be restored.

Session expired

The server has moved on; the page needs a fresh start.